 Dungeon Crawl Stone Soup version 0.31-a0-188-g5e087ee2ca (webtiles) character file.

Game seed: 12459277045748870808

88 qw the Shooter (level 4, 0/25 HPs)
             Began as a Deep Elf Hunter on June 23, 2023.
             Slain by an iguana (10 damage)
             ... on level 3 of the Dungeon.
             The game lasted 00:00:53 (2389 turns).

qw the Shooter (Deep Elf Hunter)                    Turns: 2389, Time: 00:00:53

Health: 0/25       AC:  5    Str: 10    XL:     4   Next: 30%
Magic:  6/6        EV: 11    Int: 14    God:
Gold:   118        SH:  0    Dex: 18    Spells: 3/3 levels left

rFire   . . .        Y - +0 shortbow
rCold   . . .        (shield currently unavailable)
rNeg    . . .        g - +0 ring mail
rPois   .            (no helmet)
rElec   .            (no cloak)
rCorr   .            (no gloves)
SInv    .            (no boots)
Will    .....        (no amulet)
Stlth   +            (no ring)
HPRegen 0.24/turn    (no ring)
MPRegen 0.10/turn

%: no passive effects
@: no status effects
A: no striking features
a: no special abilities


You were on level 3 of the Dungeon.
You visited 1 branch of the dungeon, and saw 4 of its levels.

You collected 118 gold pieces.


   Skills:
 - Level 1.5 Fighting
 + Level 7.7 Ranged Weapons
 - Level 2.4 Dodging
 - Level 1.2 Stealth


You had 3 spell levels left.
You didn't know any spells.
Your spell library was empty.

Inventory:

Hand Weapons
 Y - a +0 shortbow (weapon)
Armour
 g - a +0 ring mail (worn)
Scrolls
 d - a scroll of identify
Potions
 b - a potion of mutation
 c - a potion of heal wounds
 e - a potion of cancellation
 f - a potion of haste
 i - a potion of brilliance {unknown}
 j - a potion of might {unknown}
 k - a potion of degeneration {unknown}
 l - a potion of curing

Dungeon Overview and Level Annotations

Branches:
Dungeon (4/15)
 Temple: D:4-7

Altars:
Kikubaaqudgha
Ru

Shops:
D:3 =


Message History

There is a stone staircase leading down here.
You climb downwards.
You hear the sound of rushing water.
There is an entrance to a sewer on this level.
Hurry and find it before the portal rusts away!
The orc shouts! x2; You hear a shout!
Found a book of Dangerous Friends and 14 gold pieces.
There is a stone staircase leading up here.
There are monsters nearby!
Waypoint 3 assigned to D:4.
2378 ||| PLANNING SEWER You shoot an arrow.
The arrow closely misses the orc.
An orc comes into view. It is wielding a +0 club.
You shoot an arrow. The arrow closely misses the orc.
The orc shouts!
You hear an angry hiss.
You shoot an arrow. The arrow hits the orc.
The orc is heavily wounded.
An iguana comes into view.
You shoot an arrow. The arrow hits the orc.
You kill the orc!
An orc comes into view. It is wielding a +0 hand axe.
You shoot an arrow. The arrow hits the orc!
You kill the orc!
You shoot an arrow. The arrow closely misses the iguana.
An orc comes into view.
It is wielding a +0 hand axe and quivering silver boomerangs.
You shoot an arrow. The arrow barely misses the iguana.
The orc hits you with a +0 club. The iguana bites you!
2385 ||| STAIRDANCE The orc barely misses you.
The iguana barely misses you.
You climb upwards.
There is a stone staircase leading down here.
You shoot an arrow.
The arrow hits the iguana but does no damage.
The iguana bites you. The orc hits you but does no damage.
You shoot an arrow. The arrow barely misses the iguana.
The iguana barely misses you. The orc closely misses you.
You shoot an arrow. The arrow hits the iguana.
The iguana is moderately wounded.
The iguana bites you!
You die...

#.### #.# # #######.# #
###.......# #
############...###...# #
#.......##....##.##..# #
#.......##....#...#..###
#......o##....##:##.....
#......@...#####'#....##
#.......l.##..##.#####..
#......)#.#..).%#'.[.##.
#######.#.#.(.[##[....#.
#.#.##()###%(..?#.
#.#..####.)...[.#.
#.##......##...##.
#.##......)#####.#
#.###....%......##


You could see an iguana and an orc.

Vanquished Creatures
  2 adders
  2 worms (D:3)
  A dart slug (D:3)
  3 orcs
  8 ball pythons
  8 bats
  3 endoplasms
  4 giant cockroaches
  5 goblins
  4 hobgoblins
  4 kobolds
  3 quokkas
  2 frilled lizards
  7 rats
56 creatures vanquished.

Notes
Turn   | Place    | Note
-------+----------+-------------------------------------------
     0 | D:1      | qw the Deep Elf Hunter began the quest for the Orb.
     0 | D:1      | Reached XP level 1. HP: 12/12 MP: 3/3
     0 | D:1      | 0 ||| qw: Version: 0.3-a-9-g12657ce
     0 | D:1      | 0 ||| qw: Game counter: 3529
     0 | D:1      | 0 ||| qw: Always use a shield: true
     0 | D:1      | 0 ||| qw: God list: Okawaru
     0 | D:1      | 0 ||| qw: Allow faded altars: false
     0 | D:1      | 0 ||| qw: Do Orc after D:15 true
     0 | D:1      | 0 ||| qw: Do second Lair branch before Depths: true
     0 | D:1      | 0 ||| qw: Lair rune preference: random
     0 | D:1      | 0 ||| qw: Plans: Normal
     0 | D:1      | 0 ||| PLANNING D:1-11
    80 | D:1      | Reached skill level 6 in Ranged Weapons
    80 | D:1      | Reached XP level 2. HP: 11/16 MP: 4/4
   562 | D:1      | 562 ||| UPGRADING to +0 scale mail.
   572 | D:1      | 572 ||| DROPPING +0 leather armour.
   573 | D:1      | 573 ||| UPGRADING to +0 ring mail.
   583 | D:1      | 583 ||| DROPPING +0 scale mail.
   599 | D:1      | 599 ||| READING scroll labelled FIFUNUBRITOI.
   599 | D:1      | Found a sacrificial altar of Ru.
   603 | D:1      | 603 ||| READING scroll labelled TYOGYRGHEHIX.
   616 | D:1      | 616 ||| READING scroll labelled WONUNI TIKHLI.
   647 | D:1      | 647 ||| DROPPING scroll of butterflies.
   818 | D:2      | Found a faded altar of an unknown god.
   877 | D:2      | Reached XP level 3. HP: 20/20 MP: 5/5
  1287 | D:2      | 1287 ||| READING scroll labelled XICAED WENEM.
  1288 | D:2      | 1288 ||| READING 2 scrolls labelled ZUPUJA EFEFEETH.
  1289 | D:2      | 1289 ||| READING 2 scrolls labelled KOKHOCW GACO.
  1290 | D:2      | 1290 ||| DROPPING scroll of immolation.
  1387 | D:3      | Reached skill level 7 in Ranged Weapons
  1467 | D:3      | Found an ancient bone altar of Kikubaaqudgha.
  1653 | D:3      | Found Tobat's Jewellery Shop.
  1663 | D:3      | 1663 ||| SHOPLISTING +4 ring of protection (396 gold, have
                  | 86).
  1663 | D:3      | 1663 ||| SHOPLISTING +5 ring of evasion (396 gold, have
                  | 86).
  1663 | D:3      | 1663 ||| SHOPLISTING ring of Meffas {Drain rPois rF+ rC+
                  | rN+} (435 gold, have 86).
  1663 | D:3      | 1663 ||| SHOPLISTING ring of the Pariah {*Slow rElec MP+9
                  | Slay+2} (404 gold, have 86).
  1903 | D:3      | Reached XP level 4. HP: 25/25 MP: 6/6
  1998 | D:3      | Identified the +4 chain mail of the Muttering Gods {Rampage
                  | rC+ Dex+2}
  2340 | D:3      | 2340 ||| DRINKING 2 glowing orange potions.
  2341 | D:3      | 2341 ||| DRINKING 2 silvery potions.
  2342 | D:3      | 2342 ||| READING 6 scrolls of identify.
  2342 | D:3      | 2342 ||| IDENTIFYING black potion
  2343 | D:3      | 2343 ||| READING 5 scrolls of identify.
  2343 | D:3      | 2343 ||| IDENTIFYING green potion
  2344 | D:3      | 2344 ||| READING 4 scrolls of identify.
  2344 | D:3      | 2344 ||| IDENTIFYING sapphire potion
  2345 | D:3      | 2345 ||| READING 3 scrolls of identify.
  2345 | D:3      | 2345 ||| IDENTIFYING golden potion
  2346 | D:3      | 2346 ||| READING 2 scrolls of identify.
  2346 | D:3      | 2346 ||| IDENTIFYING lumpy silvery potion
  2347 | D:3      | 2347 ||| DROPPING potion of lignification.
  2348 | D:3      | 2348 ||| DROPPING potion of ambrosia.
  2378 | D:4      | 2378 ||| PLANNING SEWER
  2385 | D:4      | 2385 ||| STAIRDANCE
  2389 | D:3      | Slain by an iguana

Levels and vault maps discovered:
D:1:      dpeg_arrival_lava_altar, layout_rooms
D:2:      layout_loops_ring, shapermc_ecumenical_altar_mp_ritualfount,
          chequers_serial_rivers_micro_b
D:3:      layout_basic, mainiacjoe_overflow_paths, serial_shops,
          nicolae_shop_advertising_works [nicolae_subvault_shop_adworks],
          minmay_joined_circles
D:4:      layout_rooms, minmay_temple_entry_gardened_gates,
          gup_sewer_entry_spiral, chequers_big_river

Skill      XL: |  1  2  3 |
---------------+----------+-----
Ranged Weapons | 6 7 |  7.7
Fighting       | |  1.5
Dodging        | |  2.4
Stealth        | |  1.2

Action                     |  1- 3 |  4- 6 || total
---------------------------+-------+-------++-------
   Fire: Shortbow          |   142 |    36 ||   178
    Use: Scroll            |     6 |     5 ||    11
         Potion            |       |     2 ||     2
 Armour: Leather armour    |     9 |       ||     9
         Ring mail         |    11 |     3 ||    14
  Dodge: Dodged            |    37 |    14 ||    51

Table legend:
 A = Non-vault XP
 B = Vault XP
 C = Vault XP percentage of total XP
 D = Non-vault monster count
 E = Vault monster count
 F = Vault count percentage of total count
                 A         B        C        D         E       F
            +---------+---------+-------+---------+---------+-------
      Total |     110 |      17 |  13.4 |      48 |       8 |  14.3
            +---------+---------+-------+---------+---------+-------
        D:1 |      31 |       0 |   0.0 |      19 |       0 |   0.0
        D:2 |      24 |       0 |   0.0 |       8 |       0 |   0.0
        D:3 |      49 |      17 |  25.8 |      19 |       8 |  29.6
        D:4 |       6 |       0 |   0.0 |       2 |       0 |   0.0
            +---------+---------+-------+---------+---------+-------
